 Dungeon Sprint DCSS version 0.22-a0-135-g6f012ad (webtiles) character file.

365 Kidiri the Gusty (level 6, -4/39 HPs)
             Began as a Tengu Air Elementalist on Feb 1, 2018.
             Was a Believer of Sif Muna.
             Slain by a troll (16 damage)
             ... in the Dungeon (Sprint IX: "|||||||||||||||||||||||||||||").
             The game lasted 00:03:20 (241 turns).

Kidiri the Gusty (Tengu Air Elementalist)            Turns: 241, Time: 00:03:21

Health: -4/39      AC:  5    Str:  9    XL:     6   Next: 68%
Magic:  13/16      EV: 16    Int: 17    God:    Sif Muna [**....]
Gold:   0          SH:  0    Dex: 17    Spells: 15/18 levels left

rFire    . . .     SeeInvis .   t - +4 quarterstaff (speed)
rCold    . . .     Gourm    .   (shield currently unavailable)
rNeg     . . .     Faith    .   a - +0 robe
rPois    .         Spirit   .   (helmet restricted)
rElec    .         Reflect  .   (no cloak)
rCorr    .         Harm     .   r - +0 pair of gloves
MR       .....     NoTele   +   (boots unavailable)
Stlth    ++........             (no amulet)
HPRegen  0.13/turn              o - +2 ring of protection
MPRegen  0.15/turn              p - +3 ring of dexterity

@: swift (expiring), berserk cooldown, very slightly contaminated, slowed
A: beak, talons 3, able to fly 1
a: Fly, Divine Energy, Renounce Religion


You were in the Dungeon.
You worshipped Sif Muna.
Sif Muna was pleased with you.
You were not hungry.

You visited 1 branch

Inventory:

Hand Weapons
 t - a +4 quarterstaff of speed (weapon)
Armour
 a - a +0 robe (worn)
 q - a +1 chain mail
 r - a +0 pair of gloves (worn)
Jewellery
 o - a +2 ring of protection (left hand)
 p - a +3 ring of dexterity (right hand)
Wands
 n - a wand of acid (10)
Scrolls
 i - a scroll of blinking
 l - 3 scrolls of remove curse
 m - 2 scrolls of amnesia
Potions
 d - 3 potions of curing
 f - a potion of haste
 g - 4 potions of magic
 k - a potion of invisibility
Books
 b - a book of Air

   Spells                             Type                      Level
   a - Shock                          Conjuration/Air              1
   b - Swiftness                      Charms/Air                   2
   c - Static Discharge               Conjuration/Air              3
   d - Airstrike                      Air                          4
   e - Lightning Bolt                 Conjuration/Air              5
Comestibles
 c - a ration
 j - 7 chunks of flesh


   Skills:
 + Level 4.5 Fighting
 + Level 4.7 Staves
 + Level 5.0 Armour
 + Level 5.8 Dodging
 - Level 2.0 Stealth
 * Level 6.6 Spellcasting
 + Level 6.5 Conjurations
 + Level 7.6 Air Magic


You had 15 spell levels left.
You knew the following spells:

 Your Spells              Type           Power        Failure   Level  Hunger
a - Shock                 Conj/Air       ####         1%          1    None
b - Swiftness             Chrm/Air       ###.....     3%          2    None


Dungeon Overview and Level Annotations

Branches:
Dungeon (1/1)

Altars:
Cheibriados
Dithmenos
Elyvilon
Fedhas
Gozag
Hepliaklqana
Kikubaaqudgha
Makhleb
Nemelex Xobeh
Okawaru
Qazlal
Ru
Sif Muna
Trog
Uskayaw
Vehumet
Wu Jian
Xom
Yredelemnul
Zin
The Shining One
Beogh
Jiyva
Lugonu


Innate Abilities, Weirdness & Mutations

You have a beak for a mouth.
You have claws for feet.
You can fly.


Message History

The troll is severely wounded.
The troll misses you. The troll claws you but does no damage.
The troll closely misses you.
Unknown command.
You hit the troll.
The troll is severely wounded.
You start to feel a little slower.
The troll bites you. The troll claws you!
* * * LOW HITPOINT WARNING * * *
The troll barely misses you.
Unknown command.
You feel better. The troll closely misses you. The troll barely misses you.
The troll closely misses you.
You closely miss the troll. Your peck misses the troll.
The troll is severely wounded.
The troll misses you. The troll closely misses you. The troll claws you!
* * * LOW HITPOINT WARNING * * *
Unknown command.
You feel better. The troll bites you!
You die... ▓▓▓▓▓▓▓▓▓▓▓▓▓▓▓▓▓▓▓▓▓▓▓▓▓▓▓▓▓▓▓▓▓ +...§††'.....)[T@'_______________ ▓▓▓▓▓▓▓▓▓▓▓▓▓▓▓▓▓▓▓▓▓▓▓▓▓▓▓▓▓▓▓▓▓

You could see a troll.

Vanquished Creatures
  A yak (D)
  A water moccasin (D)
  A centaur (D)
  An adder (D)
  A dart slug (D)
  3 orcs (D)
  A bat skeleton (D)
  2 giant cockroaches (D)
  A goblin (D)
  3 frilled lizards (D)
15 creatures vanquished.

Notes
Turn   | Place    | Note
-------+----------+-------------------------------------------
     0 | D        | Kidiri the Tengu Air Elementalist began the quest for the Orb.
     0 | D        | Reached XP level 1. HP: 10/10 MP: 4/4
     6 | D        | Reached skill level 1 in Armour
     7 | D        | Reached skill level 1 in Fighting
     7 | D        | Reached XP level 2. HP: 16/16 MP: 0/6
    15 | D        | Learned a level 2 spell: Swiftness
   108 | D        | Found a roughly hewn altar of Beogh.
   108 | D        | Found a snail-covered altar of Cheibriados.
   108 | D        | Found a shadowy altar of Dithmenos.
   108 | D        | Found a white marble altar of Elyvilon.
   108 | D        | Found a blossoming altar of Fedhas.
   108 | D        | Found an opulent altar of Gozag.
   109 | D        | Found a hazy altar of Hepliaklqana.
   110 | D        | Found a viscous altar of Jiyva.
   111 | D        | Found an ancient bone altar of Kikubaaqudgha.
   112 | D        | Found a corrupted altar of Lugonu.
   113 | D        | Found a burning altar of Makhleb.
   114 | D        | Found a sparkling altar of Nemelex Xobeh.
   115 | D        | Found an iron altar of Okawaru.
   116 | D        | Found a stormy altar of Qazlal.
   117 | D        | Found a sacrificial altar of Ru.
   118 | D        | Found a deep blue altar of Sif Muna.
   119 | D        | Found a bloodstained altar of Trog.
   120 | D        | Found a hide-covered altar of Uskayaw.
   121 | D        | Found a radiant altar of Vehumet.
   122 | D        | Found an ornate altar of the Wu Jian Council.
   123 | D        | Found a shimmering altar of Xom.
   124 | D        | Found a basalt altar of Yredelemnul.
   125 | D        | Found a glowing silver altar of Zin.
   126 | D        | Became a worshipper of Sif Muna the Loreminder
   127 | D        | Found a glowing golden altar of the Shining One.
   198 | D        | Noticed a troll
   198 | D        | Noticed a centaur
   198 | D        | Noticed a yak
   198 | D        | Noticed a water moccasin
   209 | D        | Killed a water moccasin
   209 | D        | Reached * piety under Sif Muna
   209 | D        | Reached skill level 6 in Air Magic
   209 | D        | Reached XP level 3. HP: 11/23 MP: 8/10
   209 | D        | Reached XP level 4. HP: 14/28 MP: 8/11
   209 | D        | Gained mutation: You can fly. [Tengu growth]
   209 | D        | Reached XP level 5. HP: 16/32 MP: 9/13
   213 | D        | Killed a yak
   213 | D        | Reached skill level 5 in Dodging
   213 | D        | Reached skill level 5 in Conjurations
   213 | D        | Reached skill level 7 in Air Magic
   213 | D        | Reached XP level 6. HP: 14/38 MP: 10/16
   215 | D        | Reached ** piety under Sif Muna
   219 | D        | Reached skill level 5 in Armour
   241 | D        | Slain by a troll

Vault maps used:
D:        linesprint

Skill      XL: |  1  2  3  4  5  6 |
---------------+-------------------+-----
Armour         | 1 3 4 5 |  5.0
Conjurations   | 2 4 5 6 |  6.5
Fighting       | 1 3 4 |  4.5
Spellcasting   | 4 6 |  6.6
Staves         | 2 4 |  4.7
Dodging        | 4 5 |  5.8
Air Magic      | 6 7 |  7.6
Stealth        | |  2.0

Action                   |  1- 3 |  4- 6 || total
-------------------------+-------+-------++-------
Melee: Quarterstaff      |    10 |    16 ||    26
       Peck              |     3 |     2 ||     5
       Kick              |     2 |     5 ||     7
       Unarmed           |     2 |       ||     2
 Cast: Shock             |     7 |       ||     7
       Swiftness         |       |     1 ||     1
  Use: Potion            |     1 |     5 ||     6
       Scroll            |       |     1 ||     1
Armor: Robe              |     3 |     6 ||     9
Dodge: Dodged            |     8 |    27 ||    35

Table legend:
 A = Spawn XP
 B = Non-spawn XP
 C = Spawn XP percentage of total XP
 D = Spawn monster count
 E = Non-spawn monster count
 F = Spawn count percentage of total count
 G = Total turns spent on level
                    A         B        C        D         E        F      G
               +---------+---------+-------+---------+---------+-------+---------
         Total |       0 |     522 |   0.0 |       0 |      15 |   0.0 |   241
               +---------+---------+-------+---------+---------+-------+---------
             D |       0 |     522 |   0.0 |       0 |      15 |   0.0 |   241
               +---------+---------+-------+---------+---------+-------+---------
